AoeStats
← Cutloose

Hideout

510044711Analyzed
1v1 RM · 4d ago on Sep 29, 2026· 41m 17s· 2 players
Game mode
Random Map
Map size
Tiny (2 player)
Population
200
Speed
Normal
Resources
Standard
Victory
Conquest
Starting age
Dark Age
Ending age
Imperial Age
RankedLock teamsTeams togetherTeam positionsShared explorationLock speedFull tech treeHidden civsTurbo modeCheats
Victory
Defeat
🇷🇺 Vikings · Russia
1191
+14
🇦🇺 Malay · Australia
1149
-14
Cutloose
12:15 Feudal Age
13:00 Double-Bit Axe
17:46 Castle Age
23:38 Scale Barding Armor
26:17 Husbandry
27:28 Loom
33:27 Fletching
35:35 Bow Saw
37:44 Wheelbarrow
37:34 Town Watch
41:17 Imperial Age
40:03 Squires
40:15 Forging
Vini
6:56 Loom
9:34 Feudal Age
10:10 Double-Bit Axe
9:48 Man-at-Arms
11:00 Arson
11:30 Horse Collar
16:15 Town Watch
17:13 Forging
21:44 Castle Age
20:28 Scale Mail Armor
21:54 Long Swordsman
21:55 Pikeman
22:40 Squires
22:57 Chain Mail Armor
25:12 Bow Saw
27:11 Town Patrol
28:13 Heavy Plow
31:51 Fletching
33:38 Bodkin Arrow
34:18 Iron Casting
35:37 Chieftains
38:34 Imperial Age
37:44 Gold Mining
38:37 Chieftains
39:30 Gold Shaft Mining
38:38 Capped Ram
38:52 Two-Handed Swordsman
40:15 Plate Mail Armor
41:48 Blast Furnace
40:56 Champion
Connection lost

Rejoining the realm…

Still unreachable

The connection could not be restored.

Session expired

The server has moved on; the page needs a fresh start.